Map: Prion Terraces

Players

Nebula - Winner!

  • Race: Zerg Zerg
  • League: Diamond

LilDicky

  • Race: Terran Terran
  • League: Diamond

VOD

http://www.twitch.tv/tumescentpie

Description

Time

  • Played on: Nov. 22, 2015, 9:07 p.m.
  • Length: 14:33
Show
View Real Time Build Order
Export as new Build Order

Nebula Zerg - Winner!

Build Orders: 3 Hatch before Pool 

Get SALT Encoding   

  12  0:00  Drone  
  13  0:14  Overlord  
  13  0:18  Drone  
  14  0:32  Drone  
  14  0:33  Drone  
  16  0:36  Drone  
  17  0:52  Hatchery  
  17  0:55  Drone  
  17  1:02  Drone  
  18  1:21  Hatchery  
  17  1:32  Spawning Pool  
  17  1:38  Drone  
  17  1:40  Drone  
  17  1:43  Drone  
  19  1:47  Extractor  
  18  1:56  Drone  
  19  2:05  Drone x2  
  21  2:24  Queen  
  21  2:25  Queen  
  21  2:26  Drone x3  
  28  2:33  Queen  
  30  2:39  Drone  
  30  2:41  Drone  
  32  2:48  Metabolic Boost  
  32  2:53  Overlord  
  32  3:03  Queen  
  34  3:11  Queen  
  36  3:14  Drone x2  
  36  3:15  Drone x3  
  41  3:23  Roach Warren  
  40  3:37  Overlord  
  40  3:43  Extractor  
  40  3:44  Lair  
  40  3:45  Overlord x2  
  39  3:52  Drone  
  39  3:53  Drone x2  
  39  3:54  Overlord  
  39  3:55  Overlord  
  42  4:07  Drone x4  
  46  4:11  Drone x2  
  46  4:12  Drone  
  46  4:14  Drone x3  
  46  4:15  Drone  
  53  4:18  Drone  
  53  4:19  Drone  
  55  4:31  Roach x5  
  57  4:32  Roach  
  67  4:43  Overseer  
  67  4:51  Glial Reconstitution  
  67  4:53  Extractor  
  67  4:55  Drone x5  
  67  4:56  Drone x3, Extractor  
  73  5:01  Overlord x3  
  73  5:16  Overlord x4  
  73  5:23  Spore Crawler  
  73  5:26  Spore Crawler, Spine Crawler  
  70  5:28  Spore Crawler  
  70  5:33  Drone x5  
  74  5:38  Roach  
  74  5:39  Roach x5  
  74  5:40  Roach  
  74  5:41  Roach x4  
  96  5:58  Ravager x2  
  96  5:59  Ravager  
  99  6:05  Extractor x2  
  97  6:13  Roach x7  
  111  6:23  Drone  
  111  6:24  Hatchery  
  111  6:25  Drone x3  
  114  6:26  Drone x3, Extractor  
  114  6:27  Drone x3  
  114  6:28  Extractor  
  114  6:32  Pneumatized Carapace  
  118  6:39  Drone, Hydralisk Den  
  118  6:41  Evolution Chamber  
  118  6:45  Evolution Chamber  
  104  7:16  Roach x3  
  104  7:17  Roach x11  
  128  7:25  Overlord x3  
  128  7:27  Zerg Missile Weapons Level 1  
  128  7:28  Muscular Augments  
  121  7:57  Drone x4  
  121  7:58  Drone x2, Queen  
  99  8:18  Roach  
  99  8:19  Roach x11  
  99  8:29  Roach  
  99  8:31  Hydralisk x2  
  99  8:33  Overseer  
  105  8:43  Hydralisk x3  
  111  8:48  Hydralisk  
  111  8:52  Hydralisk x4  
  111  8:53  Hydralisk x4  
  129  9:05  Hydralisk x2, Roach x2  
  129  9:06  Roach x7  
  151  9:15  Evolution Chamber  
  150  9:31  Roach x3  
  150  9:32  Overlord x5, Roach x3  
  150  9:37  Infestation Pit  
  159  9:38  Zerg Missile Weapons Level 2  
  159  9:43  Spine Crawler  
  159  9:44  Spine Crawler  
  157  9:48  Spine Crawler  
  157  9:49  Spine Crawler  
  155  9:59  Lurker Den  
  155  10:01  Zerg Ground Armor Level 1  
  155  10:06  Drone x2  
  155  10:07  Drone x2  
  158  10:08  Drone x5  
  158  10:13  Hive  
  160  10:47  Drone  
  161  11:17  Overlord x4  
  161  11:18  Overlord  
  153  11:27  Viper  
  153  11:28  Viper x3  
  165  11:33  Roach x8  
  165  11:34  Roach  
  181  11:52  Roach Warren  
  154  12:34  Evolution Chamber  
  154  12:35  Evolution Chamber  
  152  12:54  Roach x4  
  160  13:22  Roach  
  160  13:23  Roach x14  
  160  13:24  Roach x2  
  189  13:34  Roach  
  189  13:35  Roach x4  
  188  13:56  Ultralisk Cavern  
  183  14:20  Hydralisk Den  
Show
View Real Time Build Order
Export as new Build Order

LilDicky Terran 

Build Orders: Command Center First (CC), MMM Bio 

Get SALT Encoding   

  12  0:01  SCV  
  13  0:13  SCV  
  14  0:18  Supply Depot  
  14  0:25  SCV  
  15  0:39  SCV  
  16  0:51  SCV  
  17  1:03  SCV  
  18  1:05  Command Center  
  18  1:15  SCV  
  19  1:23  Barracks  
  19  1:28  SCV  
  20  1:40  SCV  
  21  1:51  Command Center  
  21  1:53  SCV  
  22  2:05  SCV  
  23  2:14  Bunker  
  23  2:17  Marine  
  23  2:20  Orbital Command  
  24  2:24  Orbital Command  
  24  2:35  Marine  
  25  2:46  Supply Depot, SCV  
  26  2:53  Marine  
  27  2:58  Command Center  
  27  3:00  SCV  
  27  3:02  SCV  
  29  3:07  Orbital Command  
  29  3:13  SCV  
  29  3:17  Refinery  
  29  3:18  SCV  
  29  3:19  Refinery, Marine  
  32  3:31  Supply Depot  
  32  3:32  SCV x2  
  32  3:33  SCV  
  35  3:34  Bunker  
  35  3:37  Marine  
  36  3:42  Orbital Command  
  36  3:44  SCV  
  36  3:45  SCV  
  38  3:56  SCV  
  38  3:57  SCV  
  38  4:01  Marine  
  41  4:05  Bunker  
  41  4:08  Barracks  
  41  4:09  Barracks  
  41  4:10  Orbital Command  
  41  4:14  SCV  
  42  4:17  Barracks  
  42  4:26  Supply Depot  
  42  4:28  Barracks Tech Lab  
  42  4:29  Supply Depot  
  42  4:31  SCV  
  42  4:33  SCV  
  42  4:37  SCV x2  
  46  4:43  SCV  
  46  4:45  SCV  
  48  4:47  Supply Depot  
  48  4:48  Stimpack, Marine  
  48  4:49  SCV  
  48  4:51  Refinery  
  50  4:52  Refinery  
  50  4:54  SCV  
  50  4:57  Factory  
  51  5:06  Marine  
  52  5:07  Engineering Bay, Barracks  
  52  5:10  Barracks  
  52  5:12  Marine x3  
  55  5:19  Supply Depot  
  55  5:20  SCV x2, Refinery  
  57  5:21  Refinery  
  57  5:24  Marine  
  58  5:29  Marine  
  58  5:30  Marine  
  58  5:33  Terran Infantry Weapons Level 1  
  58  5:34  Engineering Bay  
  61  5:39  Missile Turret  
  61  5:40  SCV  
  62  5:43  Missile Turret  
  62  5:45  Missile Turret  
  62  5:46  Marine  
  62  5:48  Barracks Reactor  
  62  5:49  Barracks Tech Lab  
  62  5:50  Barracks Reactor  
  62  5:56  Barracks  
  62  5:58  Missile Turret  
  62  5:59  Starport, Barracks  
  62  6:00  Factory Reactor  
  62  6:02  Armory, SCV  
  62  6:03  SCV  
  64  6:05  Terran Infantry Armor Level 1  
  64  6:06  SCV  
  64  6:08  Marine x2  
  64  6:10  Combat Shields  
  67  6:12  Marine  
  67  6:13  Marine  
  67  6:14  SCV  
  67  6:18  SCV  
  71  6:21  Supply Depot  
  71  6:26  SCV x2  
  71  6:29  SCV  
  71  6:30  Barracks Reactor x2  
  71  6:32  Marine  
  75  6:36  Marine x2  
  75  6:39  Barracks x2  
  77  6:40  Barracks  
  77  6:44  Command Center  
  77  6:50  Orbital Command  
  62  7:02  Marine  
  62  7:03  Barracks Tech Lab, Marauder x2, Marine  
  62  7:04  Barracks Tech Lab  
  62  7:05  Marine x2  
  68  7:14  Marine x4  
  57  7:24  Marine x2, Medivac  
  57  7:25  Orbital Command, Marauder x2  
  57  7:28  Marine x2  
  57  7:29  Marauder x2  
  71  7:32  Marine x2  
  71  7:35  Factory Tech Lab  
  68  7:37  Medivac  
  68  7:38  Marine x2  
  70  7:46  Marauder x2  
  70  7:50  Marauder  
  68  7:52  Marine  
  62  8:12  Medivac  
  52  8:15  Siege Tank, Marine x2  
  52  8:16  Marauder x3  
  53  8:21  SCV  
  53  8:24  Barracks Tech Lab x3  
  53  8:25  Marine  
  54  8:29  Supply Depot  
  54  8:38  Terran Infantry Weapons Level 2  
  54  8:41  Terran Infantry Armor Level 2  
  54  8:43  Marine  
  54  8:44  Supply Depot, Marine  
  54  8:45  Marine  
  54  8:47  Starport Reactor  
  57  8:49  SCV  
  57  8:51  SCV x2  
  57  8:55  SCV  
  61  9:01  SCV  
  62  9:04  Marine  
  62  9:05  Marauder  
  65  9:18  Marine x8  
  65  9:19  Marine x2, Marauder x2  
  65  9:21  Marine  
  65  9:22  Marine  
  78  9:25  Marine  
  68  9:36  Marine  
  68  9:37  Marauder  
  68  9:38  Marine x7  
  72  9:39  Marauder  
  72  9:43  Medivac  
  82  9:51  Marine  
  82  9:52  Marauder  
  81  9:53  SCV  
  82  10:02  Planetary Fortress  
  82  10:05  SCV  
  83  10:10  SCV  
  84  10:18  Supply Depot  
  84  10:19  Marine  
  85  10:28  Orbital Command  
  67  10:43  Marine x2  
  67  10:44  Marine  
  67  10:45  Medivac x2, Marauder x3  
  67  10:49  SCV x3  
  83  11:15  Marine x2  
  83  11:16  Marauder  
  87  11:25  Marine x7  
  77  11:26  Marauder, Marine x2  
  77  11:27  Marauder x2  
  89  11:33  Marine x2  
  89  11:38  Marauder  
  92  11:44  Marauder x3  
  92  11:45  Marine  
  92  11:46  Marine x3  
  58  12:43  Marine x3  
  58  12:44  Marine  
  62  12:45  Marine  
  63  13:00  Orbital Command  
  63  13:08  Marine x2  
  33  14:03  SCV  
  33  14:07  SCV  
Tags
 
Add a new tag
Caveats
  • Supply blocks, unpowered buildings, or Contaminate may cause inaccurate times.
  • Supply counts are checked every 10 seconds.